 Dungeon Crawl Stone Soup version 0.29.1-2-gbd0b4ee654 (webtiles) character file.

Game seed: 3796087391737843822

429 Hadkhar the Magician (level 7, -1/50 HPs)
             Began as a Djinni Conjurer on Nov 1, 2022.
             Was an Initiate of Makhleb.
             Slain by an iguana (10 damage)
             ... on level 4 of the Dungeon.
             The game lasted 00:24:38 (4365 turns).

Hadkhar the Magician (Djinni Conjurer)              Turns: 4365, Time: 00:24:38

Health: -1/50      AC:  2    Str:  6    XL:     7   Next: 19%
Gold:   132        EV: 12    Int: 21    God:    Makhleb [......] SH:  0 Dex: 16

rFire   + + .      SeeInvis .   r - +2 long sword of the Mashing Gods {chaos, *Rage Dex+4}
rCold   x . .      Faith    .   (no shield)
rNeg    . . .      Spirit   .   a - +0 robe
rPois   ∞          Reflect  .   (no helmet)
rElec   .          Harm     .   (no cloak)
rCorr   .          Rampage  .   (no gloves)
Will    .....      Rage     20% (boots unavailable)
Stlth   ++........              (no amulet)
HPRegen 0.16/turn               (no ring)
MPRegen 0.00/turn               (no ring)

@: flying
A: sickness immunity, fire resistance 2, cold vulnerability 1, float, innate
caster, HP casting, extra vitality 1
a: Renounce Religion


You were on level 4 of the Dungeon.
You worshipped Makhleb.
Makhleb was noncommittal.
You visited 1 branch of the dungeon, and saw 4 of its levels.

You collected 132 gold pieces.

Inventory:

Hand Weapons
 b - a +2 hand axe of venom
 r - the +2 long sword of the Mashing Gods (weapon) {chaos, *Rage Dex+4}
   (You found it on level 3 of the Dungeon)

   Each time it hits an enemy it has a different, random effect.
   Dex:       It affects your dexterity (+4).
   *Rage:     It berserks you when you make melee attacks (+20% chance).
Missiles
 c - a throwing net
 s - 3 curare-tipped darts
Armour
 a - a +0 robe (worn)
Magical Staves
 j - a staff of conjuration
 l - a staff of fire
Scrolls
 d - 2 scrolls of identify {unknown}
 f - a scroll of magic mapping {unknown}
 h - a scroll of butterflies {unknown}
 k - a scroll of torment {unknown}
 q - a scroll of poison {unknown}
Potions
 e - 3 potions of brilliance {unknown}
 g - a potion of resistance {unknown}
 i - a potion of attraction {unknown}
 m - a potion of degeneration {unknown}
 n - a potion of curing {unknown}
 o - a potion of flight {unknown}
 p - 2 potions of berserk rage {unknown}


   Skills:
 + Level 3.1 Fighting
 - Level 2.1 Dodging
 + Level 3.4 Stealth
 * Level 5.0 Spellcasting


You couldn't memorise any spells.
You knew the following spells:

 Your Spells              Type           Power      Damage    Failure   Level
a - Magic Dart            Conj           100%       1d8       1%          1
b - Searing Ray           Conj           52%        2d6       1%          2
c - Dazzling Flash        Conj/Hex       52%        N/A       4%          3
d - Fulminant Prism       Conj/Hex       13%        3d9       14%         4
e - Iskenderun's Mystic   Conj/Tloc      26%        2d7       14%         4
f - Necrotise             Necr           100%       1d9       1%          1
g - Poisonous Vapours     Pois/Air       52%        N/A       1%          2
h - Call Imp              Summ           26%        N/A       1%          2
Your spell library was empty.

Dungeon Overview and Level Annotations

Branches:
Dungeon (4/15)
 Temple: D:4-7

Altars:
Gozag
Makhleb
Qazlal
Trog

Shops:
D:4 *


Innate Abilities, Weirdness & Mutations

You are immune to sickness and miasma.
You are immune to poison.
Your flesh is very heat resistant. (rF++)
You are vulnerable to cold. (rC-)
You float through the air rather than walking.
You learn spells naturally, not from books.
Your magical power is your life essence.
You have superior vitality. (+4 MHP)


Message History

Casting: Magic Dart (safe; 1% risk of failure)
Confirm with . or Enter, or press ? or * to list all spells.
Aiming: Searing Ray (safe; 1% risk of failure)
Press: ? - help, Shift-Dir - straight line, f/p - iguana
Aim: an iguana (lightly wounded, 82% to hit)
The searing ray hits the iguana.
The iguana is moderately wounded. (Press . to maintain the ray.)
Casting: Searing Ray (safe; 1% risk of failure)
Confirm with . or Enter, or press ? or * to list all spells.
Restarting spell: Searing Ray (safe; 1% risk of failure)
Press: ? - help, Shift-Dir - straight line, f/p - iguana
Aim: an iguana (moderately wounded, 82% to hit)
The searing ray misses the iguana. (Press . to maintain the ray.)
Casting: Searing Ray (safe; 1% risk of failure)
Confirm with . or Enter, or press ? or * to list all spells.
Restarting spell: Searing Ray (safe; 1% risk of failure)
Press: ? - help, Shift-Dir - straight line, f/p - iguana
Aim: an iguana (moderately wounded, 82% to hit)
The searing ray hits the iguana.
The iguana is moderately wounded. (Press . to maintain the ray.)
Casting: Searing Ray (safe; 1% risk of failure)
Confirm with . or Enter, or press ? or * to list all spells.
Aiming: Magic Dart (safe; 1% risk of failure)
Press: ? - help, Shift-Dir - straight line, f/p - iguana
Aim: an iguana (moderately wounded, 100% to hit)
The magic dart hits the iguana.
The iguana is severely wounded.
The iguana bites you.
* * * LOW HITPOINT WARNING * * *
You hit the iguana. You burn the iguana.
The iguana is severely wounded.
The iguana bites you.
* * * LOW HITPOINT WARNING * * *
You barely miss the iguana.
The iguana is severely wounded.
The iguana bites you!
You die...

#.....# #....#
###...# ####....#
####.#.####.......#
≈........#..####.##
≈........#.## #.#
≈..........# #.#
≈..##.###..#####.#
≈.###.###.....##.###
≈...........#...@..#
≈...........###..l..#
.#<.........#
##.....#
............#
###....#
............# #.....
##............ .....
#...........##. .....
#.###..##..## # ....
#. #.## ..#


You could see an iguana.

Vanquished Creatures
  Grinder (D:4)
  A black bear (D:4)
  An iguana (D:4)
  6 adders
  2 dart slugs
  An endoplasm (D:1)
  2 giant cockroaches
  10 goblins
  4 hobgoblins
  7 jackals
  7 quokkas
  4 ball pythons
  7 bats
  5 frilled lizards
  6 kobolds
  7 rats
71 creatures vanquished.

Notes
Turn   | Place    | Note
-------+----------+-------------------------------------------
     0 | D:1      | Hadkhar the Djinni Conjurer began the quest for the Orb.
     0 | D:1      | Hadkhar set off with the following spells memorised: Magic
                  | Dart, Searing Ray, Dazzling Flash, Fulminant Prism,
                  | Iskenderun's Mystic Blast.
     0 | D:1      | Reached XP level 1. HP: 15/15 MP: 0/0
   357 | D:1      | Reached XP level 2. HP: 17/22 MP: 0/0
   427 | D:1      | Found a faded altar of an unknown god.
  1234 | D:1      | Reached skill level 1 in Fighting
  1234 | D:1      | Reached XP level 3. HP: 26/27 MP: 0/0
  1234 | D:1      | Learned a level 1 spell: Necrotise
  2115 | D:2      | Reached XP level 4. HP: 30/32 MP: 0/0
  3181 | D:3      | Identified the +2 long sword of the Mashing Gods {chaos,
                  | *Rage Dex+4}
  3259 | D:3      | Found a stormy altar of Qazlal.
  3284 | D:3      | Reached skill level 4 in Spellcasting
  3646 | D:3      | Reached XP level 5. HP: 38/38 MP: 0/0
  3646 | D:3      | Learned a level 2 spell: Poisonous Vapours
  3731 | D:3      | Found a bloodstained altar of Trog.
  3816 | D:3      | Found a burning altar of Makhleb.
  3816 | D:3      | Noticed an Executioner
  3820 | D:3      | Noticed a hellwing
  3820 | D:3      | Noticed a ynoxinul
  3822 | D:3      | Became a worshipper of Makhleb the Destroyer
  3995 | D:4      | Found an opulent altar of Gozag.
  3999 | D:4      | Found Gozag's Platinum Reserve.
  4005 | D:4      | Noticed Grinder
  4016 | D:4      | Paralysed by Grinder for 4 turns
  4024 | D:4      | Killed Grinder
  4025 | D:4      | Reached XP level 6. HP: 21/45 MP: 0/0
  4331 | D:4      | Noticed a black bear
  4340 | D:4      | Killed a black bear
  4341 | D:4      | Reached skill level 5 in Spellcasting
  4341 | D:4      | Reached XP level 7. HP: 23/50 MP: 0/0
  4341 | D:4      | Learned a level 2 spell: Call Imp
  4365 | D:4      | Slain by an iguana

Illustrated notes

Levels and vault maps discovered:
D:1:      dpeg_arrival_rooms_a, layout_loops_corners,
          ebering_ecumenical_altar_webs, nrook_campfire
D:2:      layout_loops_corners
D:3:      layout_basic, mainiacjoe_overflow_surrounded_room,
          makhleb_altar_promises_db, mainiacjoe_overflow_boulevard
D:4:      layout_rooms, nicolae_gozag_zags_fifth_avenue, serial_curves,
          eino_curves_03, eino_curves_03, uniq_grinder

Skill      XL: |  1  2  3  4  5  6 |
---------------+-------------------+-----
Fighting       | 1 2 3 |  3.1
Stealth        | 2 3 |  3.4
Spellcasting   | 4 5 |  5.0
Dodging        | |  2.1

Action                   |  1- 3 |  4- 6 |  7- 9 || total
-------------------------+-------+-------+-------++-------
Melee: Hand axe          |    52 |    20 |       ||    72
       Staff             |     2 |       |       ||     2
       Long sword        |       |    38 |     2 ||    40
 Cast: Magic Dart        |    23 |    29 |     2 ||    54
       Searing Ray       |     5 |    13 |     3 ||    21
 Stab: Sleeping          |     3 |     4 |       ||     7
       Distracted        |       |     1 |       ||     1
Armor: Robe              |    14 |    16 |       ||    30
Dodge: Dodged            |    45 |    57 |       ||   102
